Map: New Gettysburg LE

Players

Gracz

  • Race: Zerg Zerg
  • League: Bronze

KingLowrence - Winner!

  • Race: Zerg Zerg
  • League: Silver

VOD

Have the link to the VOD?

Description

Time

  • Played on: Sept. 3, 2016, 11:18 a.m.
  • Length: 11:36
Show
View Real Time Build Order
Export as new Build Order

Gracz Zerg 

Build Orders: Pool First 

Get SALT Encoding   

  12  0:11  Drone x2  
  14  0:29  Extractor, Drone  
  14  0:31  Extractor  
  14  0:32  Drone  
  14  0:35  Overlord  
  14  0:54  Spawning Pool  
  13  1:43  Zergling x6  
  16  1:53  Hatchery  
  15  2:04  Metabolic Boost  
  16  2:15  Zergling x4  
  17  2:33  Drone x2  
  19  2:45  Drone  
  19  2:47  Queen  
  22  2:59  Overlord  
  22  3:12  Drone  
  23  3:22  Zergling x4  
  23  3:24  Lair  
  25  3:28  Drone  
  25  4:03  Drone x2  
  25  4:04  Drone  
  28  4:16  Drone x3  
  31  4:40  Drone x3  
  34  4:53  Drone  
  34  4:54  Spire  
  34  5:13  Overlord  
  34  5:14  Overlord  
  34  5:24  Drone  
  35  5:31  Queen  
  37  6:13  Drone x5  
  42  6:33  Evolution Chamber  
  42  6:35  Evolution Chamber, Hatchery  
  35  7:05  Zerg Melee Weapons Level 1  
  35  7:06  Zerg Ground Armor Level 1  
  32  7:25  Mutalisk  
  32  7:26  Mutalisk x5  
  12  8:12  Mutalisk  
  14  8:41  Drone x2  
  14  8:42  Drone x2  
  14  8:43  Drone x2  
  14  9:36  Hatchery  
  13  9:41  Zergling x6  
  16  10:42  Drone x3  
  19  10:55  Drone  
  19  10:57  Drone  
  21  11:12  Zergling x2  
  21  11:13  Zergling x4  
Show
View Real Time Build Order
Export as new Build Order

KingLowrence Zerg - Winner!

Build Orders: Pool First 

Get SALT Encoding   

  12  0:02  Drone  
  13  0:14  Overlord  
  13  0:32  Drone x2  
  13  0:33  Drone  
  16  0:48  Drone  
  17  1:11  Extractor, Spawning Pool  
  17  1:12  Drone x2  
  17  1:20  Drone  
  18  1:27  Overlord  
  18  1:56  Hatchery  
  18  1:59  Zergling x6  
  20  2:07  Spine Crawler  
  20  2:08  Queen  
  21  2:52  Zergling x4  
  21  2:53  Zergling x2  
  21  2:55  Metabolic Boost  
  21  2:57  Baneling Nest  
  23  3:03  Queen  
  25  3:15  Drone x2  
  25  3:16  Drone  
  28  3:24  Drone  
  29  3:31  Drone x2  
  29  3:32  Drone x2  
  33  3:34  Overlord  
  33  3:46  Baneling x5  
  33  3:47  Zergling x2  
  31  3:56  Drone x3  
  34  4:09  Drone x4  
  38  4:15  Overlord  
  38  4:19  Extractor  
  37  4:24  Roach Warren  
  37  4:25  Zergling x2  
  37  4:33  Drone x2  
  37  4:37  Drone x3  
  42  4:52  Zergling x6  
  45  5:06  Roach  
  51  5:07  Roach x2  
  51  5:08  Overlord x2  
  51  5:13  Evolution Chamber  
  50  5:14  Evolution Chamber  
  50  5:15  Drone x2  
  50  5:16  Drone  
  50  5:21  Lair  
  52  5:23  Overlord  
  52  5:32  Drone  
  52  5:33  Drone  
  52  5:34  Drone x2  
  56  5:39  Overlord  
  56  5:42  Zerg Missile Weapons Level 1  
  56  5:46  Drone  
  56  5:48  Drone  
  58  5:59  Hatchery  
  58  6:02  Roach x3  
  63  6:30  Zergling x2  
  64  6:36  Roach x4  
  64  6:37  Roach x3  
  77  7:05  Glial Reconstitution  
  77  7:07  Overlord x3  
  74  7:37  Hydralisk Den  
  74  7:39  Spore Crawler  
  74  7:41  Spore Crawler  
  71  7:44  Spore Crawler  
  67  7:54  Drone x5  
  67  7:55  Drone x5  
  67  7:56  Overlord x2  
  74  8:01  Spore Crawler x2  
  74  8:04  Spore Crawler  
  66  8:18  Drone x3, Infestation Pit  
  66  8:19  Drone x5  
  67  8:23  Extractor  
  67  8:24  Spore Crawler  
  59  8:27  Spore Crawler  
  59  8:29  Spore Crawler  
  51  8:38  Extractor  
  51  8:39  Extractor  
  48  8:41  Extractor, Drone x3  
  48  8:43  Overseer  
  48  8:44  Hydralisk x3  
  48  8:46  Queen  
  57  8:49  Muscular Augments  
  57  8:52  Hydralisk x3  
  57  8:53  Hydralisk x3  
  69  9:04  Pathogen Glands  
  69  9:20  Overlord  
  69  9:29  Hydralisk x3  
  73  9:37  Drone  
  73  9:38  Drone x5  
  79  9:51  Hydralisk x3  
  85  9:54  Infestor  
  87  10:12  Infestor, Hatchery  
  88  10:23  Roach x3  
  88  10:24  Roach x3  
  88  10:27  Hatchery  
  93  10:31  Hydralisk x2  
  93  10:33  Overlord  
  93  10:34  Overlord x2  
  97  10:43  Overlord x2  
  97  11:08  Hydralisk x3  
  97  11:09  Hydralisk x7  
  117  11:15  Overlord x3  
Tags
 
Add a new tag
Caveats
  • Supply blocks, unpowered buildings, or Contaminate may cause inaccurate times.
  • Supply counts are checked every 10 seconds.